 Dungeon Sprint DCSS version 0.16.1-18-g436b03c (webtiles) character file.

900000 Vrock the Severer (level 11, -1/73 HPs)
             Began as a Gargoyle Gladiator on May 16, 2015.
             Was an Initiate of Makhleb.
             Slain by a bag of meat
             ... wielding a +9 war axe
              (31 damage)
             ... in the Dungeon (Sprint VIII: "Arena of Blood").
             The game lasted 00:00:31 (9 turns).

Vrock the Severer (Gargoyle Gladiator)                 Turns: 9, Time: 00:00:32

Health: -1/73      AC: 11    Str: 22    XL:     11   Next: 63%
Magic:  11/11      EV: 18    Int:  9    God:    Makhleb [......]
Gold:   0          SH:  0    Dex: 10    Spells: 0 memorised, 10 levels left

rFire  . . .     SeeInvis .     l - +∞ Axe of Woe
rCold  . . .     Clarity  .     b - +0 leather armour
rNeg   + . .     SustAb   .     (no shield)
rPois  ∞         Gourm    .     c - +0 helmet
rElec  +         Spirit   .     (no cloak)
rCorr  .         Warding  .     (no gloves)
rMut   .         NoTele   +     (no boots)
MR     .....                    (no amulet)
Stlth  +.........               (no ring)
                                (no ring)

@: not resistant to hostile enchantments, very unstealthy
A: negative energy resistance 1, electricity resistance, unbreathing,
petrification resistance, rot immunity, AC +7
a: Renounce Religion


You were in the Dungeon.
You worshipped Makhleb.
Makhleb was noncommittal.
You were not hungry.

You visited 1 branch

Inventory:

Hand weapons
 a - a +0 war axe
 l - the +∞ Axe of Woe (weapon)
   (You found it in the Dungeon)
Missiles
 d - 3 throwing nets (quivered)
Armour
 b - a +0 leather armour (worn)
 c - a +0 helmet (worn)
Scrolls
 k - a scroll of blinking
Potions
 e - a potion of curing
 g - a potion of heal wounds
 h - a potion of haste
 i - 2 potions of magic
 j - a potion of berserk rage
Comestibles
 f - a bread ration


   Skills:
 + Level 10.7 Fighting
 + Level 16.0 Axes
 + Level 9.4 Throwing
 + Level 14.7 Dodging


You had 10 spell levels left.
You didn't know any spells.

Dungeon Overview and Level Annotations

Branches:
Dungeon (1/1)

Altars:
Makhleb


Innate Abilities, Weirdness & Mutations

You are resistant to torment.
You are immune to poison.
Your stone body is very resilient (AC +7).
You resist negative energy.
You are resistant to electric shocks.
You can survive without breathing.
You are immune to petrification.
You are immune to rotting.


Message History

You feel stronger.
You have reached level 4!
You feel stronger.
You have reached level 5!
You have reached level 6!
Your experience leads to an increase in your attributes!
Increase (S)trength, (I)ntelligence, or (D)exterity?
You feel stronger.
You have reached level 7!
You have reached level 8!
You feel clever.
You have reached level 9!
Your experience leads to an increase in your attributes!
Increase (S)trength, (I)ntelligence, or (D)exterity?
You feel stronger.
You have reached level 10!
You have reached level 11!
You hear a shout! x12
The bag of meat hits you with a +9 war axe!!
You die...

.........
.........
..........
..........
#.......# ..
#.......#
....###.......###.
.....o..o###......
.#....oO)@o.......
.......#.....#....
......#_.<._#
...o. #.....#
#........_......
.......###......
..###... ..###.
#... ..# #... .#


You could see a meat berserker (berserk) and 4 bags of meat.

Vanquished Creatures
  An ogre (D)
1 creature vanquished.

Notes
Turn   | Place    | Note
--------------------------------------------------------------
     0 | D        | Vrock, the Gargoyle Gladiator, began the quest for the Orb.
     0 | D        | Reached XP level 1. HP: 12/12 MP: 1/1
     4 | D        | Became a worshipper of Makhleb the Destroyer
     5 | D        | Noticed a bag of meat
     5 | D        | Noticed a meat berserker
     6 | D        | Noticed a bag of meat
     6 | D        | Noticed a bag of meat
     7 | D        | Noticed a meat berserker
     9 | D        | Noticed a bag of meat
     9 | D        | Killed a meat berserker
     9 | D        | Reached skill level 10 in Fighting
     9 | D        | Reached skill level 16 in Axes
     9 | D        | Reached XP level 2. HP: 14/28 MP: 2/2
     9 | D        | Reached XP level 3. HP: 16/33 MP: 3/3
     9 | D        | Reached XP level 4. HP: 18/39 MP: 4/4
     9 | D        | Reached XP level 5. HP: 19/43 MP: 5/5
     9 | D        | Reached XP level 6. HP: 21/48 MP: 6/6
     9 | D        | Reached XP level 7. HP: 23/53 MP: 7/7
     9 | D        | Reached XP level 8. HP: 25/59 MP: 8/8
     9 | D        | Reached XP level 9. HP: 26/63 MP: 9/9
     9 | D        | Reached XP level 10. HP: 28/68 MP: 10/10
     9 | D        | Reached XP level 11. HP: 30/73 MP: 11/11
     9 | D        | Slain by a bag of meat

Action                   |  1- 3 |  4- 6 |  7- 9 | 10-12 || total
-------------------------+-------+-------+-------+-------++-------
Melee: Executioner's axe |     1 |       |       |       ||     1
